 Dungeon Crawl Stone Soup version 0.25-b1-23-ge2ad7d536c (webtiles) character file.

Game seed: 17897038638443561951, levelgen mode: deterministic

2047562 MDvedh the Axe Maniac (level 27, 262/262 HPs)
             Began as a Minotaur Berserker on June 1, 2020.
             Was an Elder of Trog.
             Escaped with the Orb
             ... and 3 runes!
             The game lasted 01:50:19 (48419 turns).

MDvedh the Axe Maniac (Minotaur Berserker)         Turns: 48419, Time: 01:50:19

Health: 262/262    AC: 31    Str: 28      XL:     27
Magic:  31/32      EV: 30    Int:  2 (4)  God:    Trog [****..]
Gold:   4209       SH:  0    Dex: 20      Spells: 26/26 levels left

rFire    + + +     SeeInvis .   a - +10 battleaxe of Ygalit Enu {vorpal, +Blink rF+ Stlth-}
rCold    + . .     Gourm    .   (shield currently unavailable)
rNeg     . . .     Faith    .   Q - +7 chain mail "Jisood" {rPois Stlth+}
rPois    +         Spirit   .   (helmet restricted)
rElec    .         Reflect  .   I - +2 cloak {MR+}
rCorr    .         Harm     .   B - +2 pair of gloves {Dex+3}
MR       +++..                  X - +2 pair of boots {Stlth+}
Stlth    ..........             u - amulet of Morality {Acrobat rF++}
HPRegen  0.53/turn              G - +4 ring of slaying
MPRegen  0.23/turn              T - +4 ring of evasion

@: no status effects
A: retaliatory headbutt, hooves 1, horns 2, blurry vision 1, cold resistance 1,
deformed body, wild magic 2, MP-powered wands
0: Orb of Zot
}: 3/15 runes: decaying, silver, gossamer
a: Berserk, Trog's Hand, Brothers in Arms, Renounce Religion, Evoke Blink


You escaped.
You worshipped Trog.
Trog was greatly pleased with you.
You were not hungry.

You visited 8 branches of the dungeon, and saw 46 of its levels.
You visited the Abyss 1 time.
You also visited: Bailey, Gauntlet, Ice Cave and Wizlab.

You collected 7026 gold pieces.
You spent 2817 gold pieces at shops.

Inventory:

Hand Weapons
 a - the +10 battleaxe of Ygalit Enu (weapon) {vorpal, +Blink rF+ Stlth-}
   (Trog gifted it to you on level 10 of the Dungeon)

   It inflicts extra damage upon your enemies.
   It protects you from fire.
   It lets you blink.
   It makes you less stealthy.
 b - a +4 executioner's axe of flaming
Armour
 x - the +5 chain mail "Uveit Quit" {rElec Regen+ Int-5}
   (You found it on level 5 of the Vaults)

   It affects your intelligence (-5).
   It insulates you from electricity.
   It increases your rate of regeneration.
 B - a +2 pair of gloves of dexterity (worn)
 I - a +2 cloak of magic resistance (worn)
 Q - the +7 chain mail "Jisood" (worn) {rPois Stlth+}
   (You found it on level 2 of the Spider Nest)

   It protects you from poison.
   It makes you more stealthy.
 W - a +2 hat of intelligence
 X - a +2 pair of boots of stealth (worn)
Jewellery
 q - the ring "Foytzuse" {Fire *Slow rN++ Str+4}
   (You took it off a rakshasa on level 3 of the Depths)

   [ring of fire]

   It enhances your fire magic.
   It affects your strength (+4).
   It protects you from fire.
   It makes you vulnerable to cold.
   It greatly protects you from negative energy.
   It may slow you when you take damage.
 u - the amulet of Morality (around neck) {Acrobat rF++}
   (You acquired it on level 3 of the Lair of Beasts)

   [amulet of the acrobat]

   It helps you evade while moving and waiting.
   It greatly protects you from fire.
 G - a +4 ring of slaying (left hand)
 R - an uncursed ring of resist corrosion
 T - a +4 ring of evasion (right hand)
Wands
 t - a wand of acid (21)
 y - a wand of disintegration (12)
 A - a wand of paralysis (62)
 D - a wand of digging (10)
 K - a wand of enslavement (5)
 M - a wand of iceblast (5)
 S - a wand of clouds (4)
Scrolls
 d - 10 scrolls of enchant armour
 i - 30 scrolls of teleportation
 k - 14 scrolls of fear
 n - 12 scrolls of remove curse
 p - 2 scrolls of holy word
 s - a scroll of identify
 F - 6 scrolls of fog
 H - 10 scrolls of enchant weapon
 L - 7 scrolls of blinking
 O - a scroll of silence
 V - 2 scrolls of summoning
Potions
 e - 3 potions of berserk rage
 f - a potion of might
 g - 8 potions of heal wounds
 h - 6 potions of haste
 j - a potion of stabbing
 l - 7 potions of flight
 m - 21 potions of curing
 o - 3 potions of cancellation
 r - a potion of resistance
 v - 2 potions of magic
 E - 7 potions of mutation
Comestibles
 c - 45 rations


   Skills:
 + Level 24.3 Fighting
 O Level 27 Axes
 + Level 23.4 Armour
 + Level 21.8 Dodging
 + Level 13.5 Evocations


You had 26 spell levels left.
You didn't know any spells.
Your spell library was empty.

Dungeon Overview and Level Annotations

Branches:
Dungeon (15/15)            Temple (0/1) D:6            Lair (6/6) D:8
  Swamp (4/4) Lair:4       Spider (4/4) Lair:4        Slime (0/5) Lair:6
    Orc (2/2) D:12            Elf (0/3) Orc:2        Vaults (5/5) D:14
  Crypt (0/3) Vaults:2     Depths (5/5) D:15            Zot (5/5) Depths:5
 Bailey (visited)           IceCv (visited)          WizLab (visited)
Gauntlet (visited)

Altars:
Ashenzari
Cheibriados
Fedhas
Gozag
Kikubaaqudgha
Okawaru
Qazlal
Ru
Uskayaw
Vehumet
Xom
Beogh
Jiyva

Shops:
D:15 }   Orc:2 **[}   Vaults:2 [   Vaults:3 [   Vaults:5 !!   Depths:2 ?
Depths:3 =***

Portals:
Hell: Depths:2 Depths:4 Depths:5
Abyss: Spider:3 Depths:3 Depths:4
Pandemonium: Depths:3
Ziggurat: Depths:4

Annotations:
Lair:6 exclusion: 4 oklob plants
Depths:2 Mara


Innate Abilities, Weirdness & Mutations

You reflexively headbutt those who attack you in melee.
You have a pair of horns on your head.
You have large cloven feet.
Scrolls take you a little longer to read.
Your flesh is cold resistant. (rC+)
Armour fits poorly on your strangely shaped body.
Your spells are harder to cast, but more powerful.
You expend magic power (3 MP) to strengthen your wands.


Message History

You feel a surge of power!
The rock shatters into small pieces.
Evoke which item? (* to show all) (? for menu, Esc to quit)
That's the wrong kind of item! (Use * to select it.) Evoke which item? (* to show all) (? for menu, Esc to quit)
Aiming: Dig
Press: ? - help, Shift-Dir - straight line, f - you Please select a direction to dig.
This square is covered in magical glow.
Okay, then.
Evoke which item? (* to show all) (? for menu, Esc to quit)
Aiming: Dig
Press: ? - help, Shift-Dir - straight line A rock wall.
This square is covered in magical glow.
You feel a surge of power!
The rock shatters into small pieces.
A reaper comes into view. It is wielding a +2 scythe of freezing.
You enter the shallow water.
Moving in this stuff is going to be slow.
There is a staircase leading out of the dungeon here.
You have escaped!

.......)....2.## ##...........(..
######....##############........#
##..#≈≈#.......#≈≈#.......##
#..#≈..........#≈#..#######
#..##...........##..# #
##..#.............#..## #
##..##....2........##..## #
##..#.#.............#.#..## #
#..#.........@.........#..# #
##..#.#.............#.#..## #
#...##.............##...# #
##)#..#.....).......#..#.#####
#..#..##...........##.........
#.##..#≈#.........#≈#..#######
#.##..#≈≈#.......#≈≈#..#
#.##..###############..#
##.##.......## ##.......#


You could see a reaper.

Vanquished Creatures
  3 orbs of fire (Zot:5)
  4 ancient liches
  A juggernaut (Depths:4)
  Frederick (Depths:3)
  Boris (Depths:5)
  The ghost of Qiwept the Fencer, a veteran BaIE of Cheibriados (Depths:5)
  4 Killer Klowns (Zot:5)
  Saint Roka (Depths:2)
  3 curse toes (Zot:4)
  A caustic shrike (Depths:4)
  3 golden dragons
  Arachne (Spider:2)
  3 bone dragons
  4 liches
  A Tzitzimitl (D:6)
  2 electric golems (Zot:5)
  10 tentacled monstrosities
  A Hell Sentinel (Spider:3)
  8 quicksilver dragons
  20 Orb Guardians
  2 titans
  6 death cobs
  A tentacled starspawn (WizLab)
  8 sphinxes
  5 shadow dragons
  4 tengu reavers
  3 thorn hunters
  10 storm dragons
  3 draconian monks
  6 frost giants
  7 ghost moths
  An iron dragon (Vaults:4)
  6 fire giants
  Aizul (Swamp:2)
  18 vault wardens
  2 orc warlords
  A draconian scorcher (Zot:3)
  A draconian knight (Depths:5)
  2 deep elf elementalists
  6 emperor scorpions
  A war gargoyle (Vaults:4)
  A draconian shifter (Depths:5)
  2 draconian annihilators
  A spriggan defender (Depths:4)
  12 ironheart preservers
  8 stone giants
  13 very ugly things
  A caustic shrike skeleton (Depths:4)
  2 deep elf demonologists (Vaults:5)
  9 black draconians
  6 entropy weavers
  8 green draconians
  2 white draconians (Zot:4)
  A black sun (D:8)
  The ghost of Feguytzu the Basher, a journeyman GrMo of Gozag (Spider:3)
  3 yellow draconians
  2 vampire knights
  4 purple draconians
  5 red draconians
  2 deep elf annihilators (Vaults:5)
  A dire elephant (D:15)
  A minotaur (Gauntlet)
  A spark wasp (Spider:4)
  A blizzard demon (WizLab)
  13 ettins
  9 fire dragons
  7 rakshasas
  32 vault guards
  17 yaktaur captains
  10 great orbs of eyes
  8 ice dragons
  A spriggan air mage (Depths:4)
  A catoblepas (Lair:2)
  An anaconda (shapeshifter) (Vaults:3)
  3 death knights
  31 hydras
  A shambling mangrove (Swamp:1)
  9 centaur warriors
  2 death yaks
  38 two-headed ogres
  13 ogre magi
  13 alligators
  A titan zombie (Vaults:4)
  2 deep troll shamans
  A queen ant (Lair:3)
  3 hell hogs
  6 deep troll earth magi
  6 deep elf knights
  3 thrashing horrors
  A vampire mage (Depths:4)
  5 spriggan berserkers
  2 orc high priests (Orc:2)
  Nergalle (Orc:1)
  2 soul eaters (D:8)
  6 skeletal warriors
  3 large abominations
  A fire crab (Lair:5)
  2 wretched stars
  2 sixfirhies
  4 unseen horrors
  2 shadow wraiths
  A spark wasp zombie (Depths:4)
  An infernal demonspawn (Depths:3)
  4 flayed ghosts
  14 deep trolls
  2 glowing orange brains
  7 wizards
  An obsidian statue (WizLab)
  13 swamp dragons
  6 spriggan druids
  A torturous demonspawn (D:8)
  5 deep elf archers
  A lindwurm (Lair:6)
  3 necromancers
  A harpy (shapeshifter) (Vaults:4)
  20 ironbrand convokers
  A swamp dragon (shapeshifter) (Depths:4)
  12 orc knights
  12 orb spiders
  8 phantasmal warriors
  A sphinx zombie (Vaults:1)
  27 wolf spiders
  8 orc sorcerers
  An orb spider (shapeshifter) (Vaults:3)
  26 ugly things
  A fire giant zombie (Vaults:4)
  11 deep elf magi
  A cyclops (shapeshifter) (Depths:4)
  13 moths of wrath
  A human zombie (Vaults:4)
  2 worldbinders
  A manticore (D:15)
  A manticore (shapeshifter) (Vaults:3)
  11 cyclopes
  11 elephants
  3 guardian serpents
  Maurice (Orc:1)
  A black mamba (shapeshifter) (Depths:5)
  2 ice statues (IceCv)
  6 black mambas
  12 vault sentinels
  A smoke demon (Abyss:2)
  2 torpor snails
  25 spiny frogs
  A centaur skeleton (D:9)
  An orange demon (Abyss:2)
  A gargoyle (D:12)
  A spiny frog (shapeshifter) (Depths:4)
  2 rime drakes (Orc:2)
  9 komodo dragons
  2 rime drakes (shapeshifter)
  Maggie (D:6)
  A yaktaur (shapeshifter) (Vaults:1)
  8 ice devils
  An efreet (Gauntlet)
  A hellion (Spider:3)
  2 kobold demonologists
  50 yaktaurs
  A hellwing (WizLab)
  3 ancient zymes
  9 freezing wraiths
  16 demonic crawlers
  A queen bee (shapeshifter) (Vaults:2)
  A queen bee (Spider:2)
  2 polar bears (shapeshifter)
  3 meliai (Spider:2)
  A wind drake (WizLab)
  21 trolls
  21 jumping spiders
  11 polar bears (Lair:6)
  26 hornets
  22 slime creatures
  A harpy skeleton (Vaults:1)
  10 tyrant leeches
  37 blink frogs
  7 dream sheep (Lair:6)
  5 raiju
  13 bog bodies
  A meliai zombie (D:11)
  9 hippogriffs
  A hippogriff (shapeshifter) (Vaults:2)
  4 flying skulls (Abyss:2)
  2 ynoxinuls (Abyss:2)
  A spriggan (shapeshifter) (Gauntlet)
  2 vampires
  23 tarantellas
  2 water elementals
  11 spriggans
  2 shadows
  2 wraiths
  2 centaur simulacra (Gauntlet)
  A redback (shapeshifter) (Vaults:5)
  51 redbacks
  7 starcursed masses
  6 wyverns
  A basilisk (Lair:2)
  A wyvern (shapeshifter) (Vaults:1)
  2 hungry ghosts
  41 yaks
  2 fire elementals
  21 vampire mosquitoes
  2 neqoxecs
  18 swamp worms
  13 wargs
  7 insubstantial wisps
  A naga (shapeshifter) (Depths:1)
  A soldier ant (shapeshifter) (D:13)
  A swamp worm (shapeshifter) (Vaults:3)
  4 spatial vortices (WizLab)
  8 porcupines
  14 soldier ants
  16 water moccasins
  An elf zombie (Vaults:1)
  15 hell hounds
  11 black bears (Lair:6)
  A porcupine (shapeshifter) (Vaults:5)
  A deep troll skeleton (WizLab)
  4 ice beasts
  8 sky beasts
  15 swamp drakes
  42 orc warriors
  An eye of draining (shapeshifter) (Vaults:3)
  4 phantoms
  A swamp drake (shapeshifter) (Vaults:4)
  38 ogres
  A tengu (shapeshifter) (Vaults:4)
  An eye of draining (D:10)
  A boggart (shapeshifter) (Gauntlet)
  21 wolves
  An ettin simulacrum (Vaults:3)
  4 boggarts
  21 centaurs
  11 crocodiles
  3 big kobolds
  A human skeleton (Vaults:4)
  19 bullfrogs
  4 earth elementals (Spider:3)
  A spiny frog simulacrum (Gauntlet)
  A wyvern skeleton (D:11)
  9 scorpions
  A hornet simulacrum (Vaults:1)
  3 human simulacra
  36 killer bees
  12 wights
  4 electric eels
  6 howler monkeys
  6 crimson imps
  3 quasits
  A lava snake (D:15)
  2 small abominations
  6 centaur zombies
  19 orc priests
  A bullfrog zombie (D:11)
  4 jellies
  2 bullfrog skeletons
  8 hounds
  An iron imp (Abyss:2)
  Jessica (D:3)
  3 iguanas
  22 orc wizards
  A spriggan simulacrum (IceCv)
  2 troll simulacra (IceCv)
  34 worker ants
  2 bullfrog simulacra (Gauntlet)
  A worker ant zombie (D:7)
  17 gnolls
  3 ogre simulacra (IceCv)
  18 adders
  4 naga simulacra (IceCv)
  5 shadow imps
  2 white imps (Abyss:2)
  An ufetubus (WizLab)
  An ooze (D:5)
  An adder zombie (D:5)
  3 adder skeletons
  4 worms
  5 leopard geckos
  108 orcs
  2 bats
  9 giant cockroaches
  13 goblins
  13 hobgoblins
  3 jackals (D:9)
  7 quokkas
  4 ball pythons
  4 frilled lizards
  31 kobolds
  3 leopard gecko zombies
  A quokka skeleton (D:5)
  2 quokka zombies (D:9)
  6 rats
  4 briar patches (Swamp:4)
  8 fungi
  8 plants
  A starspawn tentacle (WizLab)
2083 creatures vanquished.

Vanquished Creatures (collateral kills)
  An orb of fire (Zot:5)
  An ancient lich (Zot:5)
  A Killer Klown (Zot:5)
  A Brimstone Fiend (D:2)
  A tentacled monstrosity (Zot:5)
  6 Orb Guardians (Zot:5)
  A death cob (Zot:5)
  A red draconian (Zot:5)
  A hydra (Lair:2)
  A vault guard (Vaults:2)
  A gelid demonspawn (Depths:3)
  A wizard (Spider:3)
  An ironbrand convoker (Vaults:2)
  An ice devil (Depths:3)
  A yaktaur (Vaults:2)
  A hellion (Spider:3)
  A centaur (Vaults:2)
  2 crocodiles (Lair:2)
24 creatures vanquished.

Vanquished Creatures (others)
  An eldritch tentacle (WizLab)
  A centaur warrior (Vaults:2)
  A hell knight (Depths:4)
  An orb spider (Spider:4)
  A wolf spider (Spider:4)
  A floating eye (shapeshifter) (Vaults:5)
  2 briar patches (Swamp:4)
  2 fungi (Lair:5)
  20 plants
  2 starspawn tentacles (WizLab)
  4 toadstools (D:1)
36 creatures vanquished.

Grand Total: 2143 creatures vanquished

Notes
Turn   | Place    | Note
-------+----------+-------------------------------------------
     0 | D:1      | MDvedh the Minotaur Berserker began the quest for the Orb.
     0 | D:1      | Reached XP level 1. HP: 19/19 MP: 0/0
   101 | D:1      | Reached skill level 4 in Axes
   381 | D:1      | Reached XP level 2. HP: 24/26 MP: 1/1
  1110 | D:2      | Reached skill level 5 in Axes
  1163 | D:2      | Reached XP level 3. HP: 20/31 MP: 2/2
  1672 | D:2      | Found a snail-covered altar of Cheibriados.
  1672 | D:2      | Found a shattered altar of Ashenzari.
  1674 | D:2      | Found a radiant altar of Vehumet.
  1926 | D:3      | Reached ** piety under Trog
  2020 | D:3      | Reached XP level 4. HP: 39/39 MP: 3/3
  2061 | D:3      | Reached skill level 6 in Axes
  2129 | D:3      | Noticed Jessica
  2136 | D:3      | Killed Jessica
  2202 | D:3      | Reached skill level 7 in Axes
  2202 | D:3      | Reached XP level 5. HP: 45/45 MP: 4/4
  2656 | D:3      | Found an ancient bone altar of Kikubaaqudgha.
  2656 | D:3      | Found a sacrificial altar of Ru.
  3220 | D:4      | Reached skill level 8 in Axes
  3221 | D:4      | Reached XP level 6. HP: 48/51 MP: 5/5
  3694 | D:5      | Entered Level 5 of the Dungeon
  3820 | D:5      | Reached skill level 9 in Axes
  3834 | D:5      | Reached *** piety under Trog
  3944 | D:5      | Reached XP level 7. HP: 46/57 MP: 6/6
  4193 | D:5      | Reached skill level 10 in Axes
  4970 | D:6      | Reached skill level 11 in Axes
  5177 | D:6      | Reached XP level 8. HP: 52/64 MP: 7/7
  5516 | D:6      | Found a staircase to the Ecumenical Temple.
  5517 | D:6      | Noticed Maggie
  5535 | D:6      | Killed Maggie
  5535 | D:6      | Reached skill level 12 in Axes
  5865 | D:7      | Reached skill level 13 in Axes
  6261 | D:7      | Reached XP level 9. HP: 70/70 MP: 8/8
  6269 | D:7      | Reached skill level 14 in Axes
  6334 | D:7      | Found a shimmering altar of Xom.
  6336 | D:7      | Found a sacrificial altar of Ru.
  6336 | D:7      | Found a snail-covered altar of Cheibriados.
  6338 | D:7      | Found an opulent altar of Gozag.
  6338 | D:7      | Found a sacrificial altar of Ru.
  6338 | D:7      | Found a stormy altar of Qazlal.
  6499 | D:7      | Reached **** piety under Trog
  6897 | D:8      | Found a staircase to the Lair.
  7081 | D:8      | Reached skill level 5 in Fighting
  7802 | D:9      | Reached skill level 5 in Armour
  8042 | D:9      | Reached skill level 5 in Dodging
  8053 | D:9      | Found a flagged portal.
  8058 | Bailey   | Entered a bailey
  8170 | Bailey   | Noticed an orc knight
  8268 | Bailey   | Reached ***** piety under Trog
  8496 | Bailey   | Killed an orc knight
  8496 | Bailey   | Reached XP level 10. HP: 50/84 MP: 9/9
  8956 | Bailey   | Gained mutation: Your flesh is cold resistant. (rC+)
                  | [potion of mutation]
  8956 | Bailey   | Gained mutation: You have large cloven feet. [potion of
                  | mutation]
  8956 | Bailey   | Gained mutation: You passively map a small area around you.
                  | [potion of mutation]
  8956 | Bailey   | Gained mutation: Your natural rate of healing is unusually
                  | fast. [potion of mutation]
  9055 | D:9      | Received a gift from Trog
  9794 | Lair:1   | Entered Level 1 of the Lair of Beasts
  9868 | Lair:1   | Noticed a spiny frog
  9878 | Lair:1   | Killed a spiny frog
 10212 | Lair:1   | Noticed a spiny frog
 10220 | Lair:1   | Killed a spiny frog
 10697 | Lair:2   | Noticed a spiny frog
 10707 | Lair:2   | Killed a spiny frog
 10708 | Lair:2   | Reached XP level 11. HP: 72/95 MP: 4/10
 11002 | Lair:2   | Noticed a five-headed hydra
 11006 | Lair:2   | Killed a five-headed hydra
 11034 | Lair:2   | Reached skill level 15 in Axes
 11462 | Lair:2   | Noticed a catoblepas
 11473 | Lair:2   | Killed a catoblepas
 11840 | Lair:3   | Reached skill level 10 in Fighting
 12057 | Lair:3   | Reached skill level 10 in Armour
 12060 | Lair:3   | Noticed a queen ant
 12071 | Lair:3   | Killed a queen ant
 12076 | Lair:3   | Reached XP level 12. HP: 103/107 MP: 9/11
 12098 | Lair:3   | Noticed a five-headed hydra
 12358 | Lair:3   | Killed an eight-headed hydra
 12743 | Lair:3   | Identified a scroll of acquirement
 12744 | Lair:3   | Got the amulet of Morality {Acrobat rF++}
 12774 | Lair:4   | Noticed a four-headed hydra
 12782 | Lair:3   | Reached skill level 10 in Dodging
 12783 | Lair:3   | Reached skill level 16 in Axes
 12858 | Lair:4   | Killed an eight-headed hydra
 13300 | Lair:4   | Found a hole to the Spider Nest.
 13381 | Lair:4   | Noticed a death yak
 13394 | Lair:4   | Killed a death yak
 13495 | Lair:4   | Noticed an eight-headed hydra
 13506 | Lair:4   | Killed an 11-headed hydra
 13506 | Lair:4   | Reached XP level 13. HP: 118/118 MP: 12/12
 13663 | Lair:4   | Found a staircase to the Swamp.
 15033 | Lair:6   | Entered Level 6 of the Lair of Beasts
 15090 | Lair:6   | Reached skill level 17 in Axes
 15514 | Lair:6   | Received a gift from Trog
 15614 | Lair:6   | Reached XP level 14. HP: 129/129 MP: 13/13
 15621 | Lair:6   | Found a viscous altar of Jiyva.
 15622 | Lair:6   | Found a staircase to the Slime Pits.
 15825 | Lair:6   | Reached skill level 18 in Axes
 16716 | D:10     | Entered Level 10 of the Dungeon
 16802 | D:10     | Found an iron altar of Okawaru.
 16813 | D:10     | Received a gift from Trog
 16816 | D:10     | Got a crude battleaxe {god gift}
 16817 | D:10     | Identified the +10 battleaxe of Ygalit Enu {vorpal, +Blink
                  | rF+ Stlth-} (Trog gifted it to you on level 10 of the
                  | Dungeon)
 16910 | D:10     | Reached skill level 19 in Axes
 18070 | D:11     | Reached ****** piety under Trog
 18309 | D:12     | Found a staircase to the Orcish Mines.
 18321 | D:12     | Received a gift from Trog
 18453 | D:12     | Reached skill level 20 in Axes
 18692 | D:12     | Found a hide-covered altar of Uskayaw.
 18928 | D:12     | Found a blossoming altar of Fedhas.
 19050 | Orc:1    | Entered Level 1 of the Orcish Mines
 19219 | Orc:2    | Entered Level 2 of the Orcish Mines
 19219 | Orc:2    | Noticed an orc warlord
 19241 | Orc:2    | Gained mutation: You have very sharp teeth. [a neqoxec]
 19242 | Orc:2    | Gained mutation: You tend to lose your temper in combat. [a
                  | neqoxec]
 19245 | Orc:2    | Received a gift from Trog
 19247 | Orc:2    | Killed an orc warlord
 19297 | Orc:2    | Found a frozen archway.
 19318 | Orc:2    | Found a gate leading to a gauntlet.
 19326 | Gauntlet | Entered a Gauntlet
 19326 | Gauntlet | Found a transporter.
 19331 | Gauntlet | Found a transporter.
 19335 | Gauntlet | Found a transporter.
 19339 | Gauntlet | Found a runed translucent door.
 19341 | Gauntlet | Found a runed translucent door.
 19343 | Gauntlet | Found a transporter.
 19347 | Gauntlet | Found a transporter.
 19355 | Gauntlet | Found a transporter.
 19359 | Gauntlet | Found a transporter.
 19367 | Gauntlet | Found a transporter.
 19372 | Gauntlet | Found a transporter.
 19388 | Gauntlet | Found a transporter.
 19400 | Gauntlet | Found a transporter.
 19412 | Gauntlet | Found a transporter.
 19424 | Gauntlet | Found a transporter.
 19436 | Gauntlet | Found a transporter.
 19491 | Gauntlet | Reached XP level 15. HP: 137/137 MP: 14/14
 19656 | Gauntlet | Identified Sif Muna's Guide on the Compass
 19658 | Gauntlet | Identified the Reference Book on Changing
 19746 | IceCv    | Entered an ice cave
 20219 | Orc:2    | Received a gift from Trog
 20574 | Orc:2    | Found Loiffioloi's Assorted Antiques.
 20587 | Orc:2    | Found Xuatogg's Armour Emporium.
 20590 | Orc:2    | Found Fufrutew's Gadget Boutique.
 20595 | Orc:2    | Bought a pair of runed boots for 165 gold pieces
 20623 | Orc:2    | Received a gift from Trog
 20639 | Orc:2    | Found Kozedung's Assorted Antiques.
 20647 | Orc:2    | Bought a scroll of enchant armour for 187 gold pieces
 20647 | Orc:2    | Bought a scroll of teleportation for 75 gold pieces
 20647 | Orc:2    | Bought a sapphire ring for 125 gold pieces
 20647 | Orc:2    | Bought a scroll of teleportation for 75 gold pieces
 20647 | Orc:2    | Bought a fizzy orange potion for 22 gold pieces
 20800 | Orc:2    | Found a staircase to the Elven Halls.
 21072 | Orc:1    | Noticed Nergalle
 21076 | Orc:1    | Noticed an orc warlord
 21081 | Orc:1    | Reached skill level 15 in Fighting
 21082 | Orc:1    | Killed Nergalle
 21098 | Orc:1    | Killed an orc warlord
 21099 | Orc:1    | Found a roughly hewn altar of Beogh.
 21100 | Orc:1    | Noticed Maurice
 21104 | Orc:1    | Reached skill level 15 in Armour
 21123 | Orc:1    | Killed Maurice
 21936 | D:13     | Received a gift from Trog
 22359 | D:14     | Found a gate to the Vaults.
 22537 | D:14     | Reached XP level 16. HP: 129/149 MP: 15/15
 22905 | D:15     | Entered Level 15 of the Dungeon
 23140 | D:15     | Found Icwayc's Gadget Boutique.
 23592 | D:15     | Found a staircase to the Depths.
 24132 | Swamp:1  | Entered Level 1 of the Swamp
 24143 | Swamp:1  | Received a gift from Trog
 24557 | Swamp:1  | Reached skill level 15 in Dodging
 25119 | Swamp:2  | Noticed a thorn hunter
 25125 | Swamp:2  | Killed a thorn hunter
 25375 | Swamp:2  | Noticed Aizul
 25388 | Swamp:2  | Killed Aizul
 26069 | Swamp:3  | Received a gift from Trog
 26745 | Swamp:4  | Entered Level 4 of the Swamp
 27002 | Swamp:4  | Reached XP level 17. HP: 161/161 MP: 16/16
 27449 | Swamp:4  | Received a gift from Trog
 27777 | Swamp:4  | Got a decaying rune of Zot
 28083 | Spider:1 | Entered Level 1 of the Spider Nest
 28253 | Spider:1 | Got a masterwork scale mail
 28254 | Spider:1 | Identified the cursed +0 scale mail "Xafol" {rElec} (You
                  | found it on level 1 of the Spider Nest)
 28959 | Spider:2 | Noticed Arachne
 28984 | Spider:2 | Killed Arachne
 29247 | Spider:2 | Got a bloodstained chain mail
 29248 | Spider:2 | Identified the +7 chain mail "Jisood" {rPois Stlth+} (You
                  | found it on level 2 of the Spider Nest)
 29393 | Spider:3 | Received a gift from Trog
 29504 | Spider:3 | Got a bound copper amulet
 29516 | Spider:3 | Identified the amulet of Temptation {Inacc SInv} (You found
                  | it on level 3 of the Spider Nest)
 29734 | Spider:3 | Reached XP level 18. HP: 145/173 MP: 17/17
 30224 | Spider:3 | Noticed a Hell Sentinel
 30224 | Spider:3 | Noticed Feguytzu's ghost (journeyman GrMo)
 30237 | Spider:3 | Found a transporter.
 30251 | Spider:3 | Found a transporter.
 30276 | Spider:3 | Received a gift from Trog
 30290 | Spider:3 | Killed Feguytzu's ghost
 30294 | Spider:3 | Reached skill level 1 in Evocations
 30306 | Spider:3 | Found a one-way gate to the infinite horrors of the Abyss.
 30318 | Spider:3 | Killed a Hell Sentinel
 30579 | Spider:4 | Entered Level 4 of the Spider Nest
 31648 | Spider:4 | Received a gift from Trog
 31651 | Spider:4 | Got a glimmering battleaxe {god gift}
 31711 | Spider:4 | Identified the +5 battleaxe of Fixation {vorpal, +Blink rF-
                  | MR- Int+7} (Trog gifted it to you on level 4 of the Spider
                  | Nest)
 31844 | Spider:4 | Got a gossamer rune of Zot
 32139 | Vaults:1 | Entered Level 1 of the Vaults
 32247 | Orc:2    | Bought a scroll of magic mapping for 77 gold pieces
 32247 | Orc:2    | Bought a small moonstone ring for 110 gold pieces
 32434 | Vaults:1 | Found a magical portal.
 32442 | WizLab   | Entered The Roulette of Golubria
 32442 | WizLab   | Found a transporter.
 32447 | WizLab   | Found a corrupted altar of Lugonu.
 32563 | WizLab   | Found a transporter.
 32598 | WizLab   | Reached skill level 21 in Axes
 32604 | WizLab   | Found a transporter.
 32604 | WizLab   | Found a transporter.
 32629 | WizLab   | Found a transporter.
 32658 | WizLab   | Found a transporter.
 32692 | WizLab   | Found a transporter.
 32823 | WizLab   | Found a corrupted altar of Lugonu.
 32824 | WizLab   | Found a transporter.
 32892 | WizLab   | Found a corrupted altar of Lugonu.
 33133 | WizLab   | Found a transporter.
 33140 | WizLab   | Cast into level 2 of the Abyss (a wizard)
 33271 | Abyss:2  | Noticed a bone dragon
 33292 | Abyss:2  | Killed a bone dragon
 33467 | Abyss:2  | Found a corrupted altar of Lugonu.
 33476 | WizLab   | Escaped the Abyss
 33503 | WizLab   | Found a transporter.
 33506 | WizLab   | Received a gift from Trog
 33557 | WizLab   | Found a transporter.
 33557 | WizLab   | Found a transporter.
 33574 | WizLab   | Found a transporter.
 33574 | WizLab   | Found a transporter.
 33603 | WizLab   | Found a transporter.
 33603 | WizLab   | Found a transporter.
 33670 | WizLab   | Found a transporter.
 33670 | WizLab   | Found a transporter.
 33726 | WizLab   | Found a transporter.
 33734 | WizLab   | Found a transporter.
 33806 | WizLab   | Got a faintly humming cloak
 33807 | WizLab   | Identified the +1 cloak "Cecetwejo" {rElec rF+} (You found
                  | it in a wizard's laboratory)
 34137 | Vaults:1 | Reached XP level 19. HP: 183/183 MP: 21/21
 35013 | Vaults:2 | Reached skill level 5 in Evocations
 35033 | Vaults:2 | Received a gift from Trog
 35048 | Vaults:2 | Found a staircase to the Crypt.
 35752 | Vaults:2 | Found Idalej's Antique Armour Boutique.
 35760 | Vaults:2 | Bought a faintly glowing plate armour for 840 gold pieces
 35801 | Vaults:2 | Identified the cursed +0 plate armour "Suiguun" {rF+ rN+++
                  | rCorr Dex-3} (You bought it in a shop on level 2 of the
                  | Vaults)
 35859 | Vaults:2 | Reached skill level 22 in Axes
 35990 | Vaults:2 | Received a gift from Trog
 37193 | Vaults:3 | Reached XP level 20. HP: 147/193 MP: 23/23
 37404 | Vaults:3 | Received a gift from Trog
 37540 | Vaults:3 | Got a glimmering battleaxe {god gift}
 37541 | Vaults:3 | Identified the +7 battleaxe "Boyf" {vorpal, Int+3} (Trog
                  | gifted it to you on level 3 of the Vaults)
 37609 | Vaults:3 | Found Qupo's Antique Armour Shoppe.
 37615 | Vaults:3 | Bought a pair of runed gloves for 330 gold pieces
 37994 | Vaults:3 | Received a gift from Trog
 38542 | Vaults:4 | Reached skill level 23 in Axes
 39129 | Vaults:4 | Received a gift from Trog
 39132 | Vaults:4 | Got an iridescent battleaxe {god gift}
 39133 | Vaults:4 | Identified the +3 battleaxe of Koppol {vorpal, rF+ Stlth+}
                  | (Trog gifted it to you on level 4 of the Vaults)
 39939 | Vaults:5 | Entered Level 5 of the Vaults
 40027 | Vaults:4 | Reached XP level 21. HP: 159/201 MP: 25/25
 40058 | Vaults:4 | Reached skill level 24 in Axes
 40192 | Vaults:5 | Noticed a golden dragon
 40195 | Vaults:5 | Noticed an ancient lich
 40275 | Vaults:4 | Received a gift from Trog
 40276 | Vaults:4 | Found the +7 lajatang of Order {silver, rMut}
 40281 | Vaults:4 | Reached skill level 25 in Axes
 40284 | Vaults:4 | Killed a golden dragon
 40388 | Vaults:4 | Killed an ancient lich
 40671 | Vaults:4 | Reached skill level 26 in Axes
 41445 | Vaults:5 | Reached XP level 22. HP: 207/209 MP: 26/26
 41644 | Vaults:5 | Found the +2 Maxwell's thermic engine {flame, freeze}
 41692 | Vaults:5 | Got a brightly glowing chain mail
 41693 | Vaults:5 | Identified the +5 chain mail "Uveit Quit" {rElec Regen+
                  | Int-5} (You found it on level 5 of the Vaults)
 41840 | Vaults:5 | Found Roachadu's Distillery.
 41848 | Vaults:5 | Got a silver rune of Zot
 41878 | Vaults:5 | Bought a potion of heal wounds for 75 gold pieces
 41878 | Vaults:5 | Bought a potion of curing for 45 gold pieces
 41878 | Vaults:5 | Bought a potion of might for 60 gold pieces
 41913 | Vaults:5 | Found Siptueg's Distillery.
 41946 | Vaults:5 | Bought a potion of heal wounds for 65 gold pieces
 41946 | Vaults:5 | Bought a potion of curing for 39 gold pieces
 41946 | Vaults:5 | Bought a potion of curing for 39 gold pieces
 41946 | Vaults:5 | Bought a potion of resistance for 130 gold pieces
 41946 | Vaults:5 | Bought a potion of curing for 39 gold pieces
 42344 | Depths:1 | Entered Level 1 of the Depths
 42397 | Depths:1 | Reached skill level 27 in Axes
 42478 | Depths:2 | Noticed Saint Roka
 42502 | Depths:2 | Killed Saint Roka
 42502 | Depths:2 | Received a gift from Trog
 42603 | Depths:2 | Found a gateway to Hell.
 42645 | Depths:2 | Found Weliatut's Magic Scroll Emporium.
 42651 | Depths:2 | Bought a scroll of enchant armour for 165 gold pieces
 42651 | Depths:2 | Bought a scroll of identify for 44 gold pieces
 42651 | Depths:2 | Bought a scroll of fog for 44 gold pieces
 42651 | Depths:2 | Bought a scroll of teleportation for 66 gold pieces
 42916 | Depths:3 | Found a one-way gate leading to the halls of Pandemonium.
 42920 | Depths:3 | Found Gozag's Assorted Antiques.
 42930 | Depths:3 | Noticed a golden dragon
 42931 | Depths:3 | Found an opulent altar of Gozag.
 42936 | Depths:3 | Found Gozag's Assorted Antiques.
 42944 | Depths:3 | Found Gozag's Assorted Antiques.
 43020 | Depths:3 | Identified the ring "Foytzuse" {Fire *Slow rN++ Str+4}
 43075 | Depths:3 | Killed a golden dragon
 43564 | Depths:3 | Noticed Frederick
 43575 | Depths:3 | Killed Frederick
 43575 | Depths:3 | Received a gift from Trog
 43746 | Depths:4 | Found a gateway to a ziggurat.
 43772 | Depths:3 | HP: 4/211 [poisoned by a green very ugly thing]
 43773 | Depths:3 | HP: 1/211 [poisoned by a green very ugly thing]
 43999 | Depths:5 | Entered Level 5 of the Depths
 44532 | Depths:5 | Received a gift from Trog
 44540 | Depths:5 | Paralysed by a great orb of eyes for 6 turns
 44548 | Depths:5 | Found a large runed translucent door.
 44548 | Depths:5 | Found a large runed translucent door.
 44556 | Depths:5 | Noticed a juggernaut
 44558 | Depths:5 | Noticed Boris
 44573 | Depths:4 | Killed a juggernaut
 44581 | Depths:4 | Reached XP level 23. HP: 174/220 MP: 29/29
 44625 | Depths:4 | Noticed a caustic shrike
 44633 | Depths:4 | Killed a caustic shrike
 44633 | Depths:4 | Reached skill level 10 in Evocations
 44734 | Depths:5 | Killed Boris
 44807 | Depths:5 | Noticed Qiwept's ghost (veteran BaIE)
 44877 | Depths:5 | Killed Qiwept's ghost
 45144 | Depths:5 | Found a gate to the Realm of Zot.
 45187 | Zot:1    | Entered Level 1 of the Realm of Zot
 45472 | Zot:4    | Noticed a curse toe
 45622 | Zot:4    | Killed a curse toe
 45901 | Zot:4    | Noticed a curse toe
 46295 | Zot:4    | Received a gift from Trog
 46343 | Zot:4    | Killed a curse toe
 46364 | Zot:4    | Noticed a curse toe
 46378 | Zot:4    | Killed a curse toe
 46500 | Zot:5    | Entered Level 5 of the Realm of Zot
 46509 | Zot:5    | Reached XP level 24. HP: 221/232 MP: 30/30
 46531 | Zot:5    | Reached XP level 25. HP: 217/240 MP: 30/30
 46532 | Zot:5    | Reached XP level 26. HP: 227/250 MP: 30/30
 46652 | Zot:5    | Noticed an ancient lich
 46657 | Zot:5    | Killed an ancient lich
 46899 | Zot:5    | Noticed an ancient lich
 46909 | Zot:5    | Killed an ancient lich
 46981 | Zot:5    | Noticed an orb of fire
 46990 | Zot:5    | Gained mutation: Your magical capacity is low. (-10% MP)
                  | [an orb of fire]
 46995 | Zot:5    | Gained mutation: Armour fits poorly on your strangely
                  | shaped body. [an orb of fire]
 47000 | Zot:5    | Gained mutation: Scrolls take you a little longer to read.
                  | [an orb of fire]
 47001 | Zot:5    | Killed an orb of fire
 47016 | Zot:5    | Noticed an orb of fire
 47032 | Zot:5    | Killed an orb of fire
 47053 | Zot:5    | Noticed an orb of fire
 47057 | Zot:5    | Noticed an orb of fire
 47057 | Zot:5    | Noticed an ancient lich
 47061 | Zot:5    | Received a gift from Trog
 47286 | Zot:5    | Noticed an ancient lich
 47305 | Zot:5    | Killed an ancient lich
 47364 | Zot:5    | Killed an ancient lich
 47384 | Zot:5    | Lost mutation: Your natural rate of healing is unusually
                  | fast. [an orb of fire]
 47391 | Zot:5    | Killed an orb of fire
 47395 | Zot:5    | Gained mutation: You are clumsy. (Dex -2) [an orb of fire]
 47403 | Zot:5    | Killed an orb of fire
 47550 | Zot:5    | Reached XP level 27. HP: 229/261 MP: 28/28
 47714 | Zot:5    | Lost mutation: You passively map a small area around you.
                  | [potion of mutation]
 47714 | Zot:5    | Lost mutation: You are clumsy. (Dex -2) [potion of
                  | mutation]
 47714 | Zot:5    | Lost mutation: Scrolls take you a little longer to read.
                  | [potion of mutation]
 47714 | Zot:5    | Gained mutation: You have a pair of large horns on your
                  | head. [potion of mutation]
 47715 | Zot:5    | Lost mutation: Your magical capacity is low. (-10% MP)
                  | [potion of mutation]
 47715 | Zot:5    | Lost mutation: You tend to lose your temper in combat.
                  | [potion of mutation]
 47715 | Zot:5    | Lost mutation: You have a pair of large horns on your head.
                  | [potion of mutation]
 47715 | Zot:5    | Gained mutation: Your spells are a little harder to cast,
                  | but a little more powerful. [potion of mutation]
 47715 | Zot:5    | Gained mutation: You possess an exceptional clarity of
                  | mind. [potion of mutation]
 47720 | Zot:5    | Got the Orb of Zot
 47963 | Depths:3 | Lost intelligence.
 47963 | Depths:3 | Gained mutation: You are dopey. (Int -2) [a neqoxec]
 47964 | Depths:3 | Gained mutation: Scrolls take you a little longer to read.
                  | [a neqoxec]
 47965 | Depths:3 | Lost mutation: You possess an exceptional clarity of mind.
                  | [a neqoxec]
 47974 | Depths:3 | Gained mutation: You are frail. (-10% HP) [a neqoxec]
 47987 | Depths:3 | Lost mutation: You are frail. (-10% HP) [potion of
                  | mutation]
 47987 | Depths:3 | Lost mutation: You have very sharp teeth. [potion of
                  | mutation]
 47987 | Depths:3 | Lost mutation: You are dopey. (Int -2) [potion of mutation]
 47987 | Depths:3 | Gained mutation: Your spells are harder to cast, but more
                  | powerful. [potion of mutation]
 47987 | Depths:3 | Gained mutation: You expend magic power (3 MP) to
                  | strengthen your wands. [potion of mutation]
 47992 | Depths:2 | Noticed Mara
 48012 | Depths:3 | Found Xoidol's Jewellery Boutique.
 48419 | D:$      | Escaped with the Orb!

Illustrated notes

Levels and vault maps discovered:
D:1:      psy_arrival_dodecagon, layout_loops_corners, minmay_gold_behind_fungi
D:2:      layout_basic, nicolae_overflow_hidden_temple
D:3:      layout_loops_ring, amethyst_overflow_temple_binary, first_ration,
          uniq_jessica
D:4:      layout_loops_ring, minivault_24
D:5:      layout_loops_ring
D:6:      layout_loops_ring, minmay_temple_entry_gardened_gates, uniq_maggie
D:7:      layout_loops_ring, doesnt_xom_only_xom
D:8:      layout_loops_ring, lair_entry_dummy
D:9:      layout_loops_corners, enter_bailey_3, the_bakery
D:10:     layout_cave_pools, okawaru_metal_pillars_1_2
D:11:     layout_basic, nrook_mini_vaults
D:12:     layout_stronghold, david_orc_2, basic_altar, fedhas_altar_4
D:13:     layout_roguey
D:14:     layout_rooms, david_vaults_1, hangedman_decor_riveting,
          minmay_fractal_squares_diagonal_5
D:15:     hangedman_depths_entry_try_elsewhere_first, layout_loops_ring,
          serial_shops, shop, chequers_serial_rivers_micro_e,
          serial_co_window_serial, co_window_paths_a,
          co_window_of_opportunity_a, co_window_corner_a, co_window_corner_a,
          co_window_paths_a, co_window_corner_ca, co_window_corner_b,
          co_window_corner_b, co_window_paths_e, glass_columns_a,
          glass_columns_b, glass_columns_a, glass_columns_a, glass_columns_c,
          minmay_misc_feat_four_crosses, drop_trap, minmay_misc_feat_pillars,
          nicolae_lava_and_water
Lair:1:   layout_cellular_growth
Lair:2:   layout_gridlike
Lair:3:   layout_regular_city, zaba_anthell, grunt_megastairs_3
Lair:4:   layout_hall_layers, palyth_hydra_swamp_entry,
          nicolae_spider_entry_non_spiders, nzn_random_ring, lemuel_fruit_fields
Lair:5:   layout_loops_ring, serial_bayou_crossing
Lair:6:   hangedman_lair_caniforms_friends, layout_misc_corridors,
          dpeg_slime_entry_enclosed_altar, st_stairs_9,
          minmay_lair_oklob_chamber, grunt_megastairs_4
Swamp:1:  layout_basic_swamp, evilmike_swamp_ruin_house_3,
          infiniplex_staircase_pool
Swamp:2:  layout_basic_swamp, evilmike_swamp_ruin_rubble_2, swamp_pool1,
          uniq_aizul
Swamp:3:  layout_falls_marsh, evilmike_swamp_ruin_house_4
Swamp:4:  swamp_basic_johnstein, layout_basic_swamp
Spider:1: layout_spider_delve
Spider:2: layout_spider_delve, special_room [special_room_bee], uniq_arachne
Spider:3: layout_spider_delve, gammafunk_ghost_abyssal_escape,
          hangedman_stitches_earthworm
Spider:4: guppyfry_spider_rune, drop_trap
Orc:1:    layout_caves, basic_altar, uniq_nergalle, uniq_maurice
Orc:2:    st_orc_open, layout_diamond_mine, portal_ice_cave_rime,
          gauntlet_entry_generic
Vaults:1: vaults_room_guarded_vault, vaults_room_ringed_pool,
          nicolae_vaults_ninety_degrees, layout_vaults_omnigrid,
          mu_enter_wizlab_6
Vaults:2: minmay_crypt_entry_simple_sparse, v_pattern_5,
          nicolae_vaults_angled_halls, nicolae_vaults_specimen_jars,
          grunt_vaults_funneled_arena, nicolae_vaults_diagonal_hallway_6,
          nicolae_vaults_network_s, grunt_vaults_trifunnel,
          hangedman_vaults_stagger, v_misc_31, nicolae_vaults_mini_display_case,
          vaults_dpeg_encased_lava, layout_vaults_omnibox, serial_shops,
          nicolae_shop_waterfront
Vaults:3: nicolae_vaults_little_squares_4, st_more_cells, v_misc_1,
          vaults_standard_mumra_enter_the_diamond, vaults_dpeg_spiral,
          hangedman_vaults_stitches, ontoclasm_vaults_bender,
          nicolae_vaults_border_crossing, vaults_dpeg_doors, serial_ice_b,
          hangedman_vaults_stretched_pinwheel, nicolae_vaults_little_squares_6,
          ontoclasm_vaults_chip, v_misc_8, nicolae_vaults_big_ls, v_misc_25,
          vaults_room_grid, layout_vaults_maze, serial_shops,
          nicolae_shop_crystal
Vaults:4: v_misc_29, nicolae_vaults_rhombus_6, nicolae_vaults_twisting_passages,
          vaults_mumra_chevron, nicolae_vaults_network_quincunx
          [nicolae_vaults_network_quincunx_subvault,
          nicolae_vaults_network_quincunx_subvault,
          nicolae_vaults_network_quincunx_subvault,
          nicolae_vaults_network_quincunx_subvault,
          nicolae_vaults_network_quincunx_subvault], vaults_room_octagon,
          hangedman_vaults_slice, hangedman_vaults_cutoff,
          nicolae_vaults_hallways_thing, v_alt_pattern_1, v_misc_14,
          ontoclasm_vaults_decontamination, layout_vaults_omnicross
Vaults:5: serial_shops, uniq_margery
Depths:1: layout_gridlike, abyss_entry, nicolae_ashenzari_panopticon,
          hangedman_geh_valley, grunt_tough_drop, grunt_megastairs_1,
          minmay_shoptagon, serial_bayou_shore_b, uniq_bai_suzhen
Depths:2: thingy_vault, layout_basic, serial_shops, shop, hell_entry,
          grunt_pan_entry_sceptre, chequers_serial_rivers_small_a,
          infiniplex_staircase_pool_2, minmay_shop_grove, uniq_mara,
          uniq_saint_roka, uniq_asterion
Depths:3: kennysheep_gozag_temple, layout_honeycomb, abyss_entry,
          chequers_serial_rivers_micro_c, pan_entry, serial_shops,
          nicolae_shop_trees, hell_entry, uniq_frederick, uniq_sojobo
Depths:4: hangedman_pleasuredromes, abyss_entry, hell_entry
Depths:5: grunt_x_marks_the_spot, layout_cave_pools, rand_demon_pan_entry_8,
          hell_entry, ebering_ghost_disaster_area, corexii_hall_statues_x,
          nicolae_transmutations_shop, serial_bayou_shore_a, uniq_boris
Zot:1:    layout_misc_corridors
Zot:2:    layout_gridlike
Zot:3:    kennysheep_blocky_hall, layout_gridlike, grunt_ministairs_11,
          hangedman_zot_decor_scrapings
Zot:4:    layout_onion_interference, kennysheep_underground_church,
          grunt_megastairs_2
Zot:5:    layout_misc_corridors, ebering_ghost_inner_flame

Skill      XL: |  1  2  3  4  5  6  7  8  9 10 11 12 13 14 15 16 17 18 19 20 21 22 23 24 25 26 |
---------------+-------------------------------------------------------------------------------+-----
Axes           | 4 5 7 8 9 11 13 14 15 16 17 20 21 22 23 26 27 | 27.0
Fighting       | 6 8 10 12 13 15 17 18 19 20 21 22 23 24 | 24.3
Armour         | 6 8 10 11 13 15 17 18 19 20 21 22 23 | 23.4
Dodging        | 5 7 9 10 12 14 15 17 18 19 20 21 | 21.8
Evocations     | 4 6 7 9 11 13 | 13.5

Action                   |  1- 3 |  4- 6 |  7- 9 | 10-12 | 13-15 | 16-18 | 19-21 | 22-24 | 25-27 || total
-------------------------+-------+-------+-------+-------+-------+-------+-------+-------+-------++-------
Melee: Hand axe          |    74 |   133 |   376 |   480 |   242 |       |       |       |       ||  1305
       Headbutt          |     9 |    22 |    63 |    98 |   187 |   271 |   261 |   227 |    92 ||  1230
       Kick              |       |       |       |   164 |   239 |       |       |       |       ||   403
       Battleaxe         |       |       |       |       |   632 |  1118 |   878 |   686 |   237 ||  3551
       Bite              |       |       |       |       |    29 |   149 |   150 |   129 |    34 ||   491
Invok: Berserk           |     1 |     5 |     8 |     5 |     6 |     1 |     1 |     1 |       ||    28
       Trog's Hand       |       |       |     2 |     1 |     2 |    10 |     6 |     5 |     5 ||    31
       Brothers in Arms  |       |       |       |     1 |       |     1 |     1 |       |    11 ||    14
Evoke: Wand              |       |       |       |     2 |     3 |    14 |       |       |     9 ||    28
  Use: Scroll            |       |       |       |    25 |     8 |    25 |     6 |    10 |     4 ||    78
       Potion            |       |       |       |     1 |       |     2 |     3 |     3 |    24 ||    33
 Stab: Paralysed         |       |       |       |     3 |       |       |       |       |       ||     3
       Confused          |       |       |       |       |       |     1 |       |       |       ||     1
       Invisible         |       |       |       |       |       |       |       |       |     3 ||     3
       Distracted        |       |       |       |       |       |       |       |       |     2 ||     2
  Eat: Chunk             |     4 |    10 |    12 |    15 |    28 |    13 |    16 |     3 |       ||   101
       Ration            |       |       |     4 |     1 |     3 |     9 |     4 |     6 |     3 ||    30
Armor: Animal skin       |     5 |       |       |       |       |       |       |       |       ||     5
       Scale mail        |    19 |    24 |       |       |       |       |       |       |       ||    43
       Chain mail        |       |    30 |    23 |       |       |   202 |   303 |   270 |    81 ||   909
       Swamp dragon scal |       |       |    87 |   133 |   276 |   272 |       |       |       ||   768
Dodge: Dodged            |    38 |    51 |   175 |   266 |   799 |  1362 |   837 |   745 |   261 ||  4534
